 Dungeon Crawl Stone Soup version 0.17-a0-896-g249456b (webtiles) character file.

2186 RobertPalmer the Martial Artist (level 9, 40/40 HPs)
             Began as a Vine Stalker Transmuter on May 1, 2015.
             Was a Priest of Makhleb.
             Quit the game on level 6 of the Dungeon.
             The game lasted 00:17:50 (6771 turns).

RobertPalmer the Martial Artist (VSTm)              Turns: 6771, Time: 00:17:51

Health: 40/40      AC:  6    Str: 15    XL:     9   Next: 33%
Magic:  22/22      EV: 19    Int: 13    God:    Makhleb [***...]
Gold:   225        SH:  0    Dex: 19    Spells: 1 memorised, 11 levels left

rFire  . . .     SeeInvis .       - Unarmed
rCold  . . .     Clarity  .     b - +0 robe (curse)
rNeg   + . .     SustAb   .     (no shield)
rPois  .         Gourm    .     C - +0 helmet
rElec  .         Spirit   +     k - +1 cloak
rCorr  .         Warding  +     t - +0 pair of gloves
rMut   .         Stasis   .     (no boots)
MR     +....                    j - amulet of warding {Ward, rN+, !d}
Stlth  ++........               s - +3 ring of strength
                                o - ring of magical power {MP+9}

@: somewhat resistant to hostile enchantments, unstealthy
A: fangs 3, regeneration 2, magic shield, antimagic bite, no device heal 3, rot
immunity
a: Minor Destruction, Lesser Servant of Makhleb, Renounce Religion


You were on level 6 of the Dungeon.
You worshipped Makhleb.
Makhleb was most pleased with you.
You were not hungry.

You visited 2 branches of the dungeon, and saw 8 of its levels.
You also visited: Bailey.

You collected 345 gold pieces.
You spent 120 gold pieces at shops.

Inventory:

Missiles
 a - 54 arrows
Armour
 b - a cursed +0 robe (worn)
 k - a +1 cloak (worn)
   (You found it on level 2 of the Dungeon)
 t - a +0 pair of gloves (worn)
   (You found it on level 5 of the Dungeon)
 C - a +0 helmet (worn)
   (You found it on level 7 of the Dungeon)
Jewellery
 j - an amulet of warding (around neck) {Ward, rN+, !d}
   (You found it on level 2 of the Dungeon)
 l - a cursed ring of teleportation {+/*tele, !d}
   (You found it on level 2 of the Dungeon)
 o - a ring of magical power (left hand) {MP+9}
   (You found it on level 3 of the Dungeon)
 s - a +3 ring of strength (right hand)
   (You took it off a hobgoblin on level 6 of the Dungeon)
Magical devices
 f - a wand of disintegration (0)
   (You found it on level 3 of the Dungeon)
 x - a wand of digging (9)
   (You found it on level 7 of the Dungeon)
Scrolls
 h - 3 scrolls of remove curse
 n - 2 scrolls of teleportation
 y - 2 scrolls of identify
 D - a scroll of fear
Potions
 e - a potion of ambrosia {!q}
 g - 4 potions of curing
 q - a potion of experience {unknown}
 r - a potion of flight {unknown}
 v - a potion of cancellation {unknown}
 w - a potion of brilliance {unknown}
 A - a potion of poison {unknown}
Books
 c - a book of Changes
 m - a book of Cantrips
   (You found it on level 6 of the Dungeon)
 u - an Akashic Record {highlevel, unknown}
   (You found it on level 6 of the Dungeon)
 E - a book of Callings
   (You found it on level 7 of the Dungeon)
Comestibles
 d - 7 bread rations {@e1}
 i - a chunk of flesh {@w0}
 p - 4 fruits
 z - a beef jerky


   Skills:
 - Level 0.8 Fighting
 + Level 8.1 Dodging
 - Level 8.1 Unarmed Combat
 - Level 2.1 Spellcasting
 - Level 2.0 Transmutations


You had 11 spell levels left.
You knew the following spells:

 Your Spells              Type           Power        Failure   Level  Hunger
a - Beastly Appendage     Trmt           #.....       12%         1    ##.....


Dungeon Overview and Level Annotations

Branches:
Dungeon (7/15)             Temple (1/1) D:4

Altars:
Ashenzari
Cheibriados
Elyvilon
Fedhas
Gozag
Kikubaaqudgha
Makhleb
Nemelex Xobeh
Okawaru
Qazlal
Sif Muna
Yredelemnul
The Shining One

Shops:
D:5 (   D:7 ?

Annotations:
D:4 Sigmund


Innate Abilities, Weirdness & Mutations

You have razor-sharp teeth.
You heal very quickly.
When hurt, damage is shared between your health and your magic reserves.
Your bite disrupts and absorbs the magic of your enemies.
Potions and wands cannot restore your health.
You are immune to rotting.


Message History

You hit the orc wizard. Your bite misses the orc wizard.
The orc wizard casts a spell.
The orc wizard blinks!
You closely miss the orc. You bite the orc. You drain its power.
The orc completely misses you.
You closely miss the orc. You bite the orc, but do no damage.
You barely miss the orc. You bite the orc, but do no damage.
The orc closely misses you.
You punch the orc!
You kill the orc!
Makhleb accepts your kill.
You hit the orc wizard.
You bite the orc wizard, but do no damage.
The orc wizard completely misses you.
You punch the orc wizard!
You kill the orc wizard!
Makhleb accepts your kill. The orc completely misses you.
Things that are here:
a dagger; a robe You hit the orc.
You bite the orc! You drain its power. The orc misses you.
You punch the orc!
You kill the orc!
Makhleb accepts your kill.
No target in view!
g - 4 potions of curing (gained 1)
Things that are here:
a dagger; a robe There isn't anything to butcher here.
Eat which item? (? for menu, Esc to quit)
Okay, then.
An orc comes into view. It is wielding a mace of protection.
Things that are here:
a dagger; a robe There isn't anything to butcher here.
Eat which item? (? for menu, Esc to quit)
Okay, then.
Things that are here:
a hand axe; 2 tomahawks The orc shouts!
The orc hits you but does no damage.
You hit the orc. You completely miss the orc. The orc completely misses you.
You hit the orc. Your bite misses the orc. You hit the orc.
The orc hits you with a mace of protection.
You take 1 damage, and have 39/40 hp.
You punch the orc!
You kill the orc!
Makhleb accepts your kill.
You feel a little better.
Health restored: 40
Things that are here:
a hand axe; 2 tomahawks There isn't anything to butcher here.
Eat which item? (? for menu, Esc to quit)
Okay, then.
Unknown command.
Things that are here:
a mace of protection; an orc corpse You butcher the orc corpse.
i - 2 chunks of flesh {@w0}
Things that are here:
a mace of protection; an orc skeleton Eating one of 2 chunks of flesh {@w0}.
You continue eating. x2
Unknown command.
Found a stone staircase leading down.
There is a stone staircase leading down here.
You see here 20 stones.
h - 3 scrolls of remove curse (gained 1)
There is a stone staircase leading down here.
The orc knight is too close now for your liking.
An orc knight is nearby!
An orc knight is nearby!
An orc knight is nearby!
An orc knight is nearby!
Okay, then.
Save game and exit?
Welcome back, RobertPalmer the Vine Stalker Transmuter.
Blood and souls for Makhleb!
The orc knight is too close now for your liking.
An orc knight is nearby!
An orc knight is nearby!
An orc knight is nearby!
An orc knight is nearby!
Okay, then.
There is a stone staircase leading up here.
Items here: )) [[ a leather armour; a robe; a dagger; a quarterstaff
There is a stone staircase leading up here.
The orc knight barely misses you.
You climb upwards.
There is a stone staircase leading down here.
Save game and exit? [Y]es or [N]o only, please.
Save game and exit?
Okay, then.
Save game and exit?
Okay, then.

#.........########..#
##.........# #..##
#..######..# ##...##
##..# #..# ##.....##
# #..## #..#
##.....#.# ####..#
#..# ##.....####
..##..# #..#
##.)..### .....##
#..###...### ###
##...## #...@..###
##.# #....###
#.(...## ##.##
##..#...#####....##
##.##
#..###..........##
##..# ..##
###........# ##..##
o.#
#........#######..##
.##
#...[........#...##
## ##..............##
# #..).....[###..##


There were no monsters in sight!

Vanquished Creatures
  A hippogriff (D:7)
  Menkaure (D:6)
  Edmund (D:5)
  A sky beast (D:6)
  3 orc warriors
  A necrophage (D:7)
  An ogre (D:5)
  A centaur (D:7)
  Blork the orc (D:6)
  A giant frog (D:6)
  2 scorpions
  3 wights (D:7)
  2 vampire bats (D:3)
  A crimson imp (D:6)
  A jelly (D:7)
  3 orc priests
  Crazy Yiuf (D:6)
  2 giant frog skeletons (D:5)
  2 worker ants (D:4)
  7 orc wizards
  2 hound skeletons
  4 adders
  A gnoll (D:1)
  A worker ant zombie (D:5)
  2 shadow imps (D:5)
  An ooze (D:3)
  An adder skeleton (D:4)
  2 giant geckos
  13 orcs
  4 ball pythons (D:3)
  3 giant cockroaches
  17 goblins
  11 hobgoblins
  15 jackals
  11 kobolds
  4 quokkas
  20 bats
  A giant gecko zombie (D:5)
  3 giant newts
  13 rats
165 creatures vanquished.

Notes
Turn   | Place    | Note
--------------------------------------------------------------
     0 | D:1      | RobertPalmer, the Vine Stalker Transmuter, began the quest for the Orb.
     0 | D:1      | Reached XP level 1. HP: 9/9 MP: 4/4
   113 | D:1      | Reached XP level 2. HP: 10/14 MP: 6/6
   361 | D:1      | HP: 3/14 [gnoll/whip (6)]
   382 | D:1      | Reached skill level 4 in Unarmed Combat
   405 | D:1      | Reached XP level 3. HP: 13/17 MP: 5/7
   723 | D:2      | Found a glowing golden altar of the Shining One.
   724 | D:2      | Found a snail-covered altar of Cheibriados.
   839 | D:2      | HP: 4/17 [adder (2)]
   844 | D:2      | HP: 2/17 [poisoned by an adder]
   850 | D:2      | HP: 2/17 [poisoned by an adder]
   858 | D:2      | HP: 2/17 [poisoned by an adder]
  1603 | D:3      | Found a stormy altar of Qazlal.
  1689 | D:3      | Reached XP level 4. HP: 14/21 MP: 8/8
  1802 | D:3      | Reached skill level 5 in Unarmed Combat
  1821 | D:3      | Reached XP level 5. HP: 13/25 MP: 3/9
  2247 | D:3      | Reached skill level 6 in Unarmed Combat
  2567 | D:4      | Found a blossoming altar of Fedhas.
  2885 | D:4      | Found a staircase to the Ecumenical Temple.
  2960 | Temple   | Entered the Ecumenical Temple
  2968 | Temple   | Became a worshipper of Makhleb the Destroyer
  3012 | D:4      | Gained mutation: You heal very quickly. [Vine Stalker growth]
  3012 | D:4      | Reached XP level 6. HP: 25/29 MP: 10/10
  3354 | D:4      | Found an ancient bone altar of Kikubaaqudgha.
  3464 | D:4      | Noticed Sigmund
  3515 | D:5      | Entered Level 5 of the Dungeon
  3547 | D:5      | Reached skill level 7 in Unarmed Combat
  3745 | D:5      | Found a deep blue altar of Sif Muna.
  3796 | D:5      | Found Moruxixi's Weapon Emporium.
  3989 | D:5      | Reached XP level 7. HP: 9/32 MP: 5/11
  3995 | D:5      | HP: 5/32 [orc priest/morningstar (7)]
  4107 | D:5      | Acquired Makhleb's first power
  4261 | D:5      | Reached skill level 8 in Unarmed Combat
  4461 | D:5      | Reached skill level 2 in Dodging
  4575 | D:6      | Noticed Edmund
  4601 | D:5      | Killed Edmund
  4601 | D:5      | Reached skill level 3 in Dodging
  4799 | D:6      | Noticed Blork the orc
  5035 | D:6      | Gained mutation: You have razor-sharp teeth. [Vine Stalker growth]
  5035 | D:6      | Reached XP level 8. HP: 37/37 MP: 12/12
  5051 | D:6      | Killed Blork the orc
  5051 | D:6      | Reached skill level 4 in Dodging
  5076 | D:6      | Noticed Crazy Yiuf
  5082 | D:6      | Killed Crazy Yiuf
  5166 | D:6      | Acquired Makhleb's second power
  5458 | D:6      | Reached skill level 5 in Dodging
  5490 | D:6      | Noticed Menkaure
  5498 | D:6      | Killed Menkaure
  5593 | D:6      | Reached skill level 6 in Dodging
  6107 | D:7      | Found Kuigunni's Magic Scroll Emporium.
  6126 | D:7      | Reached skill level 7 in Dodging
  6126 | D:7      | Reached XP level 9. HP: 31/40 MP: 13/13
  6135 | D:7      | Bought a scroll of identify for 30 gold pieces
  6135 | D:7      | Bought a scroll of teleportation for 45 gold pieces
  6135 | D:7      | Bought a scroll of teleportation for 45 gold pieces
  6309 | D:7      | Found a flagged portal.
  6319 | Bailey   | Entered a bailey
  6353 | Bailey   | Acquired Makhleb's third power
  6376 | Bailey   | HP: 8/40 [orc warrior/war axe (3)]
  6382 | Bailey   | Noticed an orc knight
  6382 | Bailey   | HP: 9/40 [orc warrior/war axe (2)]
  6399 | D:7      | HP: 5/40 [orc knight/broad axe (13)]
  6530 | D:7      | Reached skill level 8 in Dodging
  6771 | D:6      | Quit the game

Action                   |  1- 3 |  4- 6 |  7- 9 || total
-------------------------+-------+-------+-------++-------
Melee: Unarmed           |   130 |   189 |   278 ||   597
 Cast: Beastly Appendage |       |       |    11 ||    11
Evoke: Wand              |       |     1 |     3 ||     4
  Use: Scroll            |       |     7 |    10 ||    17
       Potion            |       |       |     1 ||     1
 Stab: Sleeping          |     2 |     1 |     1 ||     4
       Distracted        |     1 |       |     1 ||     2
  Eat: Chunk             |     2 |     8 |     9 ||    19

Vault maps used:
D:1:      dpeg_arrival_pits
D:2:      gammafunk_temple_overflow_pools, nrook_uturn
D:3:      nicolae_overflow_crystal_walls, first_bread, supply_closet_lemuel,
          roderic_batcave
D:4:      lemuel_crystal_altar, kennysheep_mini_moat,
          minmay_temple_entry_statues_pillars, uniq_sigmund
D:5:      serial_bayou, serial_bayou_lake_a, serial_bayou_pond_b,
          serial_bayou_pond_d, serial_bayou_shore_b, serial_shops,
          nicolae_shop_stone, led_sif_book
D:6:      uniq_edmund, uniq_crazy_yiuf_cottage, uniq_blork_the_orc,
          uniq_menkaure
D:7:      serial_shops, nicolae_shop_behind_doors, enter_bailey_2, the_bakery
Temple:   temple_eino_lava_12
Bailey:   bailey_axe_1, bailey

Table legend:
 A = Turns spent in this place as a percentage of turns spent in the entire game.
 B = Non-inter-level travel turns spent in this place as a percentage of non-inter-level travel turns spent in the entire game.
 C = Inter-level travel turns spent in this place as a percentage of turns spent in this place.
 D = Turns resting spent in this place as a percentage of non-inter-level travel turns spent in this place.
 E = Turns spent auto-exploring this place as a percentage of non-inter-level travel turns spent in this place.
 F = Non-inter-level travel turns spent in this place divided by the number of levels of this place that you've seen.
                   A       B       C       D       E      F
               +-------+-------+-------+-------+-------+----------------------
         Total | 100.0 | 100.0 |   0.4 |   0.9 |   7.6 | 280.1
       Dungeon |  97.1 |  97.1 |   0.3 |   0.8 |   7.8 | 349.9
        Temple |   0.4 |   0.4 |  10.0 |   0.0 |   0.0 |   9.0
        Bailey |   2.5 |   2.5 |   0.0 |   6.3 |   0.0 |  63.0
               +-------+-------+-------+-------+-------+----------------------

Table legend:
 A = Kills in this place as a percentage of kills in entire the game.
 B = Kills by you in this place as a percentage of kills by you in the entire game.
 C = Kills by friends in this place as a percentage of kills by friends in the entire game.
 D = Other kills in this place as a percentage of other kills in the entire game.
 E = Experience gained in this place as a percentage of experience gained in the entire game.
 F = Experience gained in this place divided by the number of levels of this place that you have seen.
                   A       B       C       D       E      F
               +-------+-------+-------+-------+-------+----------------------
         Total | 100.0 | 100.0 |  -nan |  -nan | 100.0 | 347.0
       Dungeon |  98.8 |  98.8 |  -nan |  -nan |  95.4 | 425.6
        Bailey |   1.2 |   1.2 |  -nan |  -nan |   4.6 | 144.0
               +-------+-------+-------+-------+-------+----------------------
